 Dungeon Crawl Stone Soup version 0.28-a0-406-g4bac719ec2 (webtiles) character file.

Game seed: 14827275967729188420

914 notakeback the Fighter (level 8, -4/71 HPs)
             Began as a Human Wanderer on Sept 5, 2021.
             Slain by a scorpion (8 damage)
             ... on level 5 of the Dungeon.
             The game lasted 00:08:58 (6334 turns).

notakeback the Fighter (Human Wanderer)             Turns: 6334, Time: 00:08:59

Health: -4/71      AC: -5    Str: 17    XL:     8   Next: 30%
Magic:  11/11      EV:  6    Int: 14    God:
Gold:   200        SH:  0    Dex:  9    Spells: 11/11 levels left

rFire   . . .      SeeInvis .   i - +0 short sword (venom)
rCold   . . .      Faith    .   (no shield)
rNeg    . . .      Spirit   .   j - +0 chain mail
rPois   .          Reflect  .   (no helmet)
rElec   .          Harm     .   q - +0 cloak {Will+}
rCorr   .          Rampage  .   (no gloves)
Will    +....                   h - +0 pair of boots
Stlth   ..........              (no amulet)
HPRegen 0.21/turn               (no ring)
MPRegen 0.12/turn               (no ring)

@: lethally poisoned (-4 -> -25), corroded
A: no striking features
a: no special abilities


You were on level 5 of the Dungeon.
You visited 1 branch of the dungeon, and saw 5 of its levels.
You also visited: Sewer.

You collected 200 gold pieces.

Inventory:

Hand Weapons
 a - a +0 spear
 d - a +3 falchion
 i - a +0 short sword of venom (weapon)
Missiles
 b - 4 boomerangs (quivered)
Armour
 f - a +0 cloak
 h - a +0 pair of boots (worn)
 j - a +0 chain mail (worn)
 q - a +0 cloak of willpower (worn)
Wands
 l - a wand of polymorph (7)
 p - a wand of acid (2)
 y - a wand of paralysis (5)
Scrolls
 e - 5 scrolls of identify {unknown}
 g - 3 scrolls of enchant weapon {unknown}
 k - a scroll of vulnerability {unknown}
 n - a scroll of amnesia {unknown}
 r - a scroll of immolation {unknown}
 s - a scroll of noise {unknown}
 v - a scroll of magic mapping {unknown}
 w - 4 scrolls of enchant armour {unknown}
 x - a scroll of blinking {unknown}
Potions
 c - a potion of flight
 m - a potion of cancellation {unknown}
 o - 2 potions of resistance {unknown}
 t - a potion of haste {unknown}
 u - a potion of degeneration {unknown}
 z - a potion of curing {unknown}


   Skills:
 + Level 9.2 Fighting
 - Level 1.0 Armour
 - Level 1.0 Shields
 - Level 2.0 Spellcasting
 - Level 1.0 Conjurations
 - Level 2.0 Summonings
 - Level 1.0 Evocations


You had 11 spell levels left.
You didn't know any spells.
Your spell library contained the following spells:

 Spells                   Type           Power      Damage    Failure   Level
 Summon Small Mammal      Summ           28%        N/A       87%         1
 Magic Dart               Conj           16%        1d3       95%         1
 Call Imp                 Summ           7%         N/A       95%         2
 Foxfire                  Conj/Fire      8%         2x1d4     97%         1
 Freeze                   Ice            4%         1d3       99%         1
 Blink                    Tloc           N/A        N/A       99%         2
 Slow                     Hex            1%         N/A       99%         2
 Sublimation of Blood     Necr           0%         N/A       99%         2
 Wereblood                Tmut           1%         N/A       99%         2
 Call Canine Familiar     Summ           7%         N/A       99%         3
 Conjure Flame            Conj/Fire      2%         6-21      100%        3
 Mephitic Cloud           Conj/Pois/Air  2%         N/A       100%        3
 Summon Guardian Golem    Hex/Summ       4%         N/A       100%        3
 Summon Hydra             Summ           3%         N/A       100%        7


Dungeon Overview and Level Annotations

Branches:
Dungeon (5/15)              Sewer (visited)
 Temple: D:4-7

Altars:
Dithmenos
Fedhas
Gozag
Qazlal
Sif Muna
Trog
Yredelemnul

Shops:
D:4 *

Annotations:
D:4 exclusion: oklob plant


Message History

Found a scroll labelled SEQUNO RETIK.
You see here 10 gold pieces.
Found a trident.
The jelly barely misses you.
You hit the jelly but do no damage.
Your hands burn!
The jelly barely misses you.
You hit the jelly but do no damage.
The jelly is poisoned.
The acid corrodes you!
Your hands burn!
The jelly hits you but does no damage. The scorpion stings you.
You are poisoned.
The scorpion poisons you!
You hit the jelly but do no damage.
Your hands burn!
You feel very sick. The jelly hits you but does no damage.
The scorpion barely misses you. The jelly hits you but does no damage.
You hit the jelly. The acid corrodes you!
Your hands burn!
The jelly is lightly wounded.
You feel very sick. The scorpion stings you. The jelly hits you.
The acid corrodes you!
You are splashed with acid!
The scorpion stings you.
You are more poisoned.
The scorpion poisons you!
You feel very sick.
You feel very sick. The jelly hits you. The acid corrodes you!
You are splashed with acid!
* * * LOW HITPOINT WARNING * * *
You feel sick.
Aiming: Corrosive Bolt
Press: ? - help, Shift-Dir - straight line, f - jelly
Aim: a jelly (heavily wounded, poisoned, 100% to hit)
The bolt of acid hits the scorpion!
The acid corrodes the scorpion!
The scorpion is almost dead.
The bolt of acid hits the jelly.
The jelly completely resists.
The jelly is heavily wounded.
You feel very sick. The scorpion stings you!
* * * LOW HITPOINT WARNING * * *
You are more poisoned.
The scorpion poisons you! The scorpion stings you!
You die...

#......#.
#........#
##....##### .
###.#####...##### $
.................
####.#####...######
. ......!......# #
#....##...# .
####@##$#.#### .
#.sJ......# #
###..#...... #
.......##...... #
.......# ..... #
........ ..... #
...?.... ....
..?....## ....
...)...#


You could see a scorpion (corroded) and a jelly (poisoned).

Vanquished Creatures
  Sigmund (D:3)
  Purgy (Sewer)
  A black bear (D:4)
  An ogre (D:4)
  A lemure (D:5)
  2 hounds
  Crazy Yiuf (D:2)
  Jessica (D:2)
  Natasha (thrice) (D:2)
  Ijyb (D:3)
  7 adders
  A gnoll (D:3)
  2 white imps
  An adder skeleton (D:4)
  A worm (D:2)
  A dart slug (D:2)
  11 orcs
  5 bats
  7 endoplasms
  6 giant cockroaches
  7 goblins
  7 hobgoblins
  4 jackals (D:2)
  10 quokkas
  7 ball pythons
  A frilled lizard (Sewer)
  4 kobolds
  7 rats
102 creatures vanquished.

Vanquished Creatures (others)
  Terence (D:3)
  A ball python (D:3)
  A fungus (D:3)
  4 plants
7 creatures vanquished.

Grand Total: 109 creatures vanquished

Notes
Turn   | Place    | Note
-------+----------+-------------------------------------------
     0 | D:1      | notakeback the Human Wanderer began the quest for the Orb.
     0 | D:1      | notakeback set off with the following items: a +0 spear, a
                  | +0 robe; and the following spells available to memorise:
                  | Magic Dart, Call Imp, Foxfire, Blink, Slow, Conjure Flame,
                  | Mephitic Cloud
     0 | D:1      | Reached XP level 1. HP: 16/16 MP: 3/3
   534 | D:1      | Reached XP level 2. HP: 18/23 MP: 5/5
   895 | D:1      | Reached skill level 3 in Fighting
   902 | D:2      | Noticed Jessica
  1099 | D:2      | Killed Jessica
  1100 | D:2      | Reached XP level 3. HP: 24/30 MP: 6/6
  1187 | D:2      | Reached skill level 4 in Fighting
  1187 | D:2      | Reached XP level 4. HP: 28/37 MP: 7/7
  1486 | D:2      | Noticed Natasha
  1495 | D:2      | Killed Natasha
  2165 | D:2      | Noticed Natasha
  2174 | D:2      | Killed Natasha
  2175 | D:2      | Reached skill level 5 in Fighting
  2175 | D:2      | Reached XP level 5. HP: 38/44 MP: 8/8
  2190 | D:2      | Noticed Natasha
  2204 | D:2      | Killed Natasha
  2590 | D:2      | Found a runed translucent door.
  2591 | D:2      | Noticed Crazy Yiuf
  2838 | D:2      | Killed Crazy Yiuf
  2839 | D:2      | Reached XP level 6. HP: 52/52 MP: 9/9
  2993 | D:3      | Noticed Ijyb
  3002 | D:3      | Killed Ijyb
  3232 | D:3      | Reached skill level 6 in Fighting
  3238 | D:3      | Found a faded altar of an unknown god.
  3312 | D:3      | Found a basalt altar of Yredelemnul.
  3354 | D:3      | Noticed Sigmund
  3367 | D:3      | Killed Sigmund
  3368 | D:3      | Reached skill level 7 in Fighting
  3368 | D:3      | Reached XP level 7. HP: 60/60 MP: 10/10
  3440 | D:3      | Killed Terence
  3614 | D:3      | Found a bloodstained altar of Trog.
  3650 | D:3      | Found a shimmering blue altar of Sif Muna.
  3722 | D:3      | Got Sif Muna's Incunabulum of Cold
  4366 | D:4      | Found an opulent altar of Gozag.
  4403 | D:4      | Found Gozag's Platinum Reserve.
  4548 | D:4      | Found a stormy altar of Qazlal.
  4656 | D:4      | Reached skill level 8 in Fighting
  4947 | D:4      | Found a shadowy altar of Dithmenos.
  5133 | D:4      | Found a blossoming altar of Fedhas.
  5155 | D:4      | Noticed an oklob plant
  5556 | D:5      | Entered Level 5 of the Dungeon
  5649 | D:5      | Found a glowing drain.
  5737 | Sewer    | Entered a sewer
  5778 | Sewer    | Noticed Purgy
  5800 | Sewer    | Killed Purgy
  5801 | Sewer    | Reached XP level 8. HP: 33/70 MP: 11/11
  6172 | D:5      | Noticed Grinder
  6173 | D:5      | Noticed Grinder
  6173 | D:5      | Grinder changed into Grinder the lemure
  6191 | D:5      | Killed Grinder the lemure
  6192 | D:5      | Reached skill level 9 in Fighting
  6334 | D:5      | Slain by a scorpion

Illustrated notes

Levels and vault maps discovered:
D:1:      dpeg_arrival_chambers_temple_mockup, layout_basic, minmay_pentomino_z4
D:2:      layout_loops_corners, st_stairs_10, uniq_natasha, uniq_jessica,
          uniq_crazy_yiuf_cottage
D:3:      layout_basic, nzn_overflow_gifts_of_might_and_magic,
          amcnicky_altar_gilded, nicolae_overflow_hidden_temple,
          shapermc_ecumenical_altar_mp_ritualfount, lemuel_old_faithful,
          uniq_terence, uniq_ijyb, uniq_sigmund
D:4:      layout_rooms, nicolae_gozag_zags_fifth_avenue,
          mainiacjoe_overflow_24_doors, tgw_fedhas, general_overflow_altar,
          chequers_big_river, serial_park_tiny_1
D:5:      layout_rooms, gup_sewer_entry_pipe, uniq_grinder, uniq_pikel

Skill      XL: |  1  2  3  4  5  6  7  8 |
---------------+-------------------------+-----
Fighting       | 3 4 5 7 8 9 |  9.2
Armour         | |  1.0
Shields        | |  1.0
Spellcasting   | |  2.0
Conjurations   | |  1.0
Summonings     | |  2.0
Evocations     | |  1.0

Action                   |  1- 3 |  4- 6 |  7- 9 || total
-------------------------+-------+-------+-------++-------
Melee: Spear             |    42 |       |       ||    42
       Short sword       |    28 |   121 |   217 ||   366
Evoke: Wand              |       |       |     3 ||     3
  Use: Potion            |       |     3 |       ||     3
 Stab: Sleeping          |     1 |       |       ||     1
Armor: Robe              |    23 |     6 |       ||    29
       Chain mail        |       |    34 |   167 ||   201
       Skin              |       |    14 |       ||    14
Dodge: Dodged            |    41 |    39 |    87 ||   167

Table legend: (Time is in decaauts)
 A = Elapsed time spent in this place.
 B = Non-inter-level travel time spent in this place.
 C = Inter-level travel time spent in this place.
 D = Time resting spent in this place.
 E = Time spent auto-exploring this place.
 F = Levels seen in this place.
 G = Mean time per level.
                   A        B        C        D        E       F      G
               +--------+--------+--------+--------+--------+-----+--------+
         Total |   6402 |   6232 |    170 |      0 |   5278 |   6 | 1067.0 |
       Dungeon |   5988 |   5818 |    170 |      0 |   4952 |   5 | 1197.6 |
         Sewer |    413 |    413 |      0 |      0 |    326 |   1 |  413.0 |
               +--------+--------+--------+--------+--------+-----+--------+

Top non-repeatable levels by time:
     D:2: 1900 daAuts
     D:4: 1394 daAuts
     D:3: 1202 daAuts
     D:1: 1093 daAuts
   Sewer: 413 daAuts
     D:5: 398 daAuts
